Bruins vs Heat

Created - Friday, December 18, 2015 at 04:03

Goals
1 2 3 T
Bruins 0 1 0 1
Heat 0 1 1 2
Shots
1 2 3 T
Bruins 3 7 6 16
Heat 12 11 12 35

1st period

No Goal

Penalties :
Eric Boulton (STO) for Holding (Minor) at 6:41

2nd period

1. Heat , Tyler Pitlick 4 (Lucas Lessio, Tyson Strachan) at 6:13
2. Bruins , Marko Dano 6 (Andrew Cherniwchan) at 11:32

Penalties :
Bogdan Yakimov (STO) for Fighting (Major) at 5:00, Buddy Robinson (Pro) for Fighting (Major) at 5:00, Corey Potter (STO) for Tripping (Minor) at 8:12, Max Reinhart (STO) for Fighting (Major) at 15:25, Raman Hrabarenka (Pro) for Fighting (Major) at 15:25, Eric Boulton (STO) for Slashing (Minor) at 16:42

3rd period

3. Heat , Seth Griffith 24 (Ryan Murphy, Max Reinhart) at 4:33 (PP)

Penalties :
Marko Dano (Pro) for Tripping (Minor) at 3:19, Conor Allen (Pro) for Goalie Interference (Minor) at 7:03

Goalie Stats

Philipp Grubauer (Pro), 33 saves from 35 shots - (0.943), L, 15-5-11, 59:51 minutes
Michael Leighton (STO), 15 saves from 16 shots - (0.938), W, 24-2-2, 60:00 minutes

Players Stats for Bruins

Player Name              G  A  P  +/- PIM S  H  SB GA TA FO     MP     PP MP  PK MP  
------------------------------------------------------------------------------------
Andrew Agozzino          0  0  0   0  0   2  3  0  3  0  0/0    15:12   0:00   0:00 
Andrew Cherniwchan       0  1  1   1  0   0  2  0  1  0  0/0    11:11   0:07   0:00 
Beau Schmitz             0  0  0   0  0   0  0  1  0  1  0/0     5:11   0:00   0:00 
Borna Rendulic           0  0  0  -1  0   1  3  0  2  2  1/3    18:04   3:28   0:00 
Buddy Robinson           0  0  0   0  5   0  1  0  0  1  0/0    12:42   2:09   0:00 
Cole Schneider           0  0  0  -1  0   3  1  0  1  0  0/1    18:04   3:28   0:00 
Conor Allen              0  0  0   0  2   0  3  2  0  1  0/0    20:51   3:08   0:55 
Dennis Everberg          0  0  0   0  0   1  1  0  3  0  1/1    19:01   3:29   2:39 
Dennis Rasmussen         0  0  0   1  0   0  2  0  0  0  1/8    10:31   0:00   1:26 
Johan Alm                0  0  0   0  0   1  1  1  0  0  0/0    15:06   0:00   1:13 
Jordan Oesterle          0  0  0   0  0   1  1  3  0  1  0/0    19:49   2:49   1:13 
Kael Mouillierat         0  0  0   0  0   1  0  0  1  0  2/3    15:12   0:00   0:00 
Kevin Czuczman           0  0  0   0  0   0  1  0  0  1  0/0    16:58   1:10   0:09 
Kevin Porter             0  0  0  -1  0   0  1  0  0  1  4/10   20:49   2:48   0:56 
Magnus Nygren            0  0  0   0  0   1  0  1  0  0  0/0    20:24   2:49   0:56 
Marc Hagel               0  0  0   0  0   1  2  0  0  0  0/1    15:12   0:00   0:00 
Marko Dano               1  0  1   1  2   3  2  0  4  1  8/16   20:44   2:22   1:25 
Raman Hrabarenka         0  0  0   0  5   1  0  2  0  0  0/0    21:42   1:58   2:00 

Players Stats for Heat

Player Name              G  A  P  +/- PIM S  H  SB GA TA FO     MP     PP MP  PK MP  
------------------------------------------------------------------------------------
Andre Burakovsky         0  0  0   0  0   3  0  0  2  0  0/1    15:47   1:58   0:09 
Bogdan Yakimov           0  0  0   0  5   0  0  0  0  0  8/9    12:26   0:00   1:47 
Brenden Kichton          0  0  0   0  0   2  1  1  0  0  0/0    16:52   2:48   0:59 
Chris Tierney            0  0  0   0  0   1  0  0  1  0  6/9    15:38   1:58   0:00 
Corey Potter             0  0  0   0  2   1  1  0  0  2  0/0    15:40   0:00   1:57 
Eric Boulton             0  0  0   0  4   2  1  0  1  0  0/0    12:16   0:00   0:48 
Johan Larsson            0  0  0   0  0   1  3  0  3  0  1/2    16:50   1:58   0:00 
Kevin Fiala              0  0  0   0  0   0  1  1  0  0  0/0     9:53   0:00   0:00 
Konrad Abeltshauser      0  0  0   0  0   1  3  1  0  1  0/0    17:28   0:00   2:56 
Lucas Lessio             0  1  1   1  0   1  3  1  0  0  0/0    14:47   0:00   1:23 
Matt Ellis               0  0  0   1  0   1  0  0  0  1  1/2    17:33   0:00   3:11 
Max Reinhart             0  1  1  -1  5   1  1  0  1  0  5/10   14:02   1:15   1:56 
Ryan Murphy              0  1  1   0  0   5  0  1  1  2  0/0    26:39   0:25   3:01 
Seth Griffith            1  0  1  -1  0   8  2  0  4  0  0/0    13:23   1:15   0:00 
Stephane Veilleux        0  0  0  -1  0   2  1  0  0  0  0/0    14:21   1:15   0:00 
Tyler Pitlick            1  0  1   1  0   3  2  0  0  0  5/10   16:52   0:00   2:46 
Tyler Wotherspoon        0  0  0   0  0   1  1  1  1  1  0/0    21:10   2:48   3:01 
Tyson Strachan           0  1  1   0  0   2  2  0  0  1  0/0    22:27   0:25   0:00 

3 Stars

1 - Tyler Pitlick (STO)
2 - Philipp Grubauer (Pro)
3 - Lucas Lessio (STO)

Power Play

Bruins - 0 on 3 Attempt(s) - 0.00%
Heat - 1 on 2 Attempt(s) - 50.00%

Penalty Kill

Bruins - 1 on 2 Attempt(s) - 50.00% - Score 0 goal in Penalty Kill
Heat - 3 on 3 Attempt(s) - 100.00% - Score 0 goal in Penalty Kill

Team Stat

Bruins - Hits : 24 - Faceoff Wins : 17 - Blocked Shots : 10 - Penalty Minutes : 14
Heat - Hits : 22 - Faceoff Wins : 26 - Blocked Shots : 6 - Penalty Minutes : 16

Official

Referees : Unknown
Linesman : Unknown

Game Notes

Buddy Robinson beats up Bogdan Yakimov at 5:00 of 2nd period
Max Reinhart and Raman Hrabarenka fight to a draw at 15:25 of 2nd period

Finance

Level 1 -- Attendance: 1383 (69.15%) -- Ticket Income $44,256
Level 2 -- Attendance: 738 (73.80%) -- Ticket Income $8,856
Total Attendance: 2121 (70.70%)
Total Ticket Income: $53,112
Other Income: $26,025
Total Income: $79,137

Bruins

5 vs 5 Forward 
   Center                   Left Wing                Right Wing               Time % Phy DF OF 
 1 Marko Dano               Dennis Everberg          Buddy Robinson           35     1   2  2  
 2 Kevin Porter             Borna Rendulic           Cole Schneider           30     1   2  2  
 3 Kael Mouillierat         Andrew Agozzino          Marc Hagel               22     1   2  2  
 4 Dennis Rasmussen         Andrew Cherniwchan       Marko Dano               13     1   2  2  

5 vs 5 Defense 
   Defense                  Defense                                           Time % Phy DF OF 
 1 Raman Hrabarenka         Conor Allen                                       35     1   2  2  
 2 Magnus Nygren            Jordan Oesterle                                   30     1   2  2  
 3 Johan Alm                Kevin Czuczman                                    22     1   2  2  
 4 Beau Schmitz             Raman Hrabarenka                                  13     1   2  2  

PowerPlay Forward 
   Center                   Left Wing                Right Wing               Time % Phy DF OF 
 1 Marko Dano               Dennis Everberg          Kevin Porter             60     1   2  2  
 2 Borna Rendulic           Buddy Robinson           Cole Schneider           40     1   2  2  

PowerPlay Defense
   Defense                  Defense                                           Time % Phy DF OF 
 1 Raman Hrabarenka         Conor Allen                                       60     1   2  2  
 2 Jordan Oesterle          Magnus Nygren                                     40     1   2  2  

Penalty Kill 4 Players Forward 
   Center                   Wing                     Time % Phy DF OF 
 1 Marko Dano               Dennis Everberg          60     1   2  2  
 2 Kevin Porter             Kael Mouillierat         40     1   2  2  

Penalty Kill 4 Players Defense
   Defense                  Defense                  Time % Phy DF OF 
 1 Raman Hrabarenka         Conor Allen              60     1   2  2  
 2 Johan Alm                Jordan Oesterle          40     1   2  2  

Penalty Kill - 3 Players Forward 
   Forward                                           Time % Phy DF OF 
 1 Marko Dano                                        60     1   2  2  
 2 Marc Hagel                                        40     1   2  2  

Penalty Kill - 3 Players Defense
   Defense                  Defense                  Time % Phy DF OF 
 1 Raman Hrabarenka         Magnus Nygren            60     1   2  2  
 2 Beau Schmitz             Conor Allen              40     1   2  2  

4 vs 4 Forward 
   Center                   Wing                     Time % Phy DF OF 
 1 Marko Dano               Kevin Porter             60     1   2  2  
 2 Dennis Everberg          Andrew Agozzino          40     1   2  2  

4 vs 4 Defense
   Defense                  Defense                  Time % Phy DF OF 
 1 Conor Allen              Raman Hrabarenka         60     1   2  2  
 2 Kevin Czuczman           Johan Alm                40     1   2  2  

Last Minutes Offensive
   Center                   Left Wing                Right Wing               Defense                  Defense                  
   Marko Dano               Dennis Everberg          Kevin Porter             Raman Hrabarenka         Conor Allen              

Last Minutes Defensive
   Center                   Left Wing                Right Wing               Defense                  Defense                  
   Marko Dano               Dennis Everberg          Kevin Porter             Raman Hrabarenka         Conor Allen              

Goaltenders
Starting : Philipp Grubauer         
Backup : Connor Hellebuyck        

Extra Forwards
Normal : Andrew Cherniwchan, Marko Dano, Dennis Everberg - PP : Cole Schneider, Buddy Robinson - PK : Dennis Rasmussen
Extra Defensemen
Normal : Kevin Czuczman, Beau Schmitz, Raman Hrabarenka - PP : Conor Allen - PK : Magnus Nygren, Raman Hrabarenka
Penalty Shots
Andrew Cherniwchan, Marko Dano, Dennis Everberg, Cole Schneider, Buddy Robinson

Heat

5 vs 5 Forward 
   Center                   Left Wing                Right Wing               Time % Phy DF OF 
 1 Chris Tierney            Johan Larsson            Andre Burakovsky         32     1   2  2  
 2 Max Reinhart             Stephane Veilleux        Seth Griffith            28     1   2  2  
 3 Tyler Pitlick            Lucas Lessio             Matt Ellis               24     1   2  2  
 4 Bogdan Yakimov           Eric Boulton             Kevin Fiala              16     1   2  2  

5 vs 5 Defense 
   Defense                  Defense                                           Time % Phy DF OF 
 1 Tyson Strachan           Ryan Murphy                                       35     1   2  2  
 2 Tyler Wotherspoon        Konrad Abeltshauser                               30     1   2  2  
 3 Corey Potter             Brenden Kichton                                   22     1   2  2  
 4 Tyson Strachan           Ryan Murphy                                       13     1   2  2  

PowerPlay Forward 
   Center                   Left Wing                Right Wing               Time % Phy DF OF 
 1 Chris Tierney            Johan Larsson            Andre Burakovsky         50     0   0  5  
 2 Max Reinhart             Stephane Veilleux        Seth Griffith            50     0   0  5  

PowerPlay Defense
   Defense                  Defense                                           Time % Phy DF OF 
 1 Tyson Strachan           Ryan Murphy                                       50     0   0  5  
 2 Tyler Wotherspoon        Brenden Kichton                                   50     0   0  5  

Penalty Kill 4 Players Forward 
   Center                   Wing                     Time % Phy DF OF 
 1 Bogdan Yakimov           Tyler Pitlick            50     0   5  0  
 2 Matt Ellis               Eric Boulton             50     0   5  0  

Penalty Kill 4 Players Defense
   Defense                  Defense                  Time % Phy DF OF 
 1 Konrad Abeltshauser      Corey Potter             50     0   5  0  
 2 Tyler Wotherspoon        Ryan Murphy              50     0   5  0  

Penalty Kill - 3 Players Forward 
   Forward                                           Time % Phy DF OF 
 1 Bogdan Yakimov                                    50     0   5  0  
 2 Matt Ellis                                        50     0   5  0  

Penalty Kill - 3 Players Defense
   Defense                  Defense                  Time % Phy DF OF 
 1 Tyler Wotherspoon        Tyson Strachan           50     0   5  0  
 2 Konrad Abeltshauser      Corey Potter             50     0   5  0  

4 vs 4 Forward 
   Center                   Wing                     Time % Phy DF OF 
 1 Max Reinhart             Johan Larsson            50     1   2  2  
 2 Chris Tierney            Lucas Lessio             50     1   2  2  

4 vs 4 Defense
   Defense                  Defense                  Time % Phy DF OF 
 1 Tyson Strachan           Ryan Murphy              50     1   2  2  
 2 Konrad Abeltshauser      Brenden Kichton          50     1   2  2  

Last Minutes Offensive
   Center                   Left Wing                Right Wing               Defense                  Defense                  
   Chris Tierney            Johan Larsson            Andre Burakovsky         Tyler Wotherspoon        Ryan Murphy              

Last Minutes Defensive
   Center                   Left Wing                Right Wing               Defense                  Defense                  
   Matt Ellis               Stephane Veilleux        Tyler Pitlick            Konrad Abeltshauser      Tyson Strachan           

Goaltenders
Starting : Michael Leighton         
Backup : Andrei Vasilevskiy       

Extra Forwards
Normal : Johan Larsson, Chris Tierney, Kevin Fiala - PP : Kevin Fiala, Chris Tierney - PK : Max Reinhart
Extra Defensemen
Normal : Corey Potter, Brenden Kichton, Tyler Wotherspoon - PP : Corey Potter - PK : Brenden Kichton, Tyler Wotherspoon
Penalty Shots
Kevin Fiala, Lucas Lessio, Max Reinhart, Bogdan Yakimov, Andre Burakovsky

% Time on Ice - Bruins

Lines # - Real PCT - Wanted PCT - Time Play
Normal Forward
1 - 22% - 35% - 10:59
2 - 29% - 30% - 14:36
3 - 30% - 22% - 15:12
4 - 18% - 13% - 9:05
Normal Defense
1 - 31% - 35% - 15:33
2 - 32% - 30% - 15:47
3 - 28% - 22% - 13:53
4 - 9% - 13% - 4:39
PP Forward
1 - 42% - 60% - 2:29
2 - 58% - 40% - 3:28
PP Defense
1 - 53% - 60% - 3:08
2 - 47% - 40% - 2:49
PK Forward
1 - 100% - 60% - 3:13
2 - 0% - 40% - 0:00
PK Defense
1 - 62% - 60% - 2:00
2 - 38% - 40% - 1:13
PK3 Forward
1 - 0% - 60%
2 - 0% - 40%
PK3 Defense
1 - 0% - 60%
2 - 0% - 40%
44 Forward
1 - 0% - 60%
2 - 0% - 40%
44 Defense
1 - 0% - 60%
2 - 0% - 40%
Last Minute Offensive  - 0:58
Last Minute Defensive  - 0:00
Total
Forward - 60:00
Defense - 60:00

% Time on Ice - Heat

Lines # - Real PCT - Wanted PCT - Time Play
Normal Forward
1 - 29% - 32% - 14:31
2 - 27% - 28% - 13:15
3 - 25% - 24% - 12:17
4 - 20% - 16% - 9:49
Normal Defense
1 - 35% - 35% - 17:39
2 - 31% - 30% - 15:21
3 - 26% - 22% - 13:02
4 - 8% - 13% - 3:50
PP Forward
1 - 61% - 50% - 1:58
2 - 39% - 50% - 1:15
PP Defense
1 - 13% - 50% - 0:25
2 - 87% - 50% - 2:48
PK Forward
1 - 46% - 50% - 2:46
2 - 54% - 50% - 3:11
PK Defense
1 - 49% - 50% - 2:56
2 - 51% - 50% - 3:01
PK3 Forward
1 - 0% - 50%
2 - 0% - 50%
PK3 Defense
1 - 0% - 50%
2 - 0% - 50%
44 Forward
1 - 0% - 50%
2 - 0% - 50%
44 Defense
1 - 0% - 50%
2 - 0% - 50%
Last Minute Offensive  - 0:00
Last Minute Defensive  - 0:58
Total
Forward - 60:00
Defense - 60:00

Play by Play

1st period


0:01 of 1st period - Chris Tierney wins face-off versus Marko Dano in neutral zone.
0:32 of 1st period - Wrist shot by Johan Larsson.
0:32 of 1st period - Shot Misses the Net.
1:24 of 1st period - Wrist shot by Kevin Porter.
1:24 of 1st period - Shot Misses the Net.
1:40 of 1st period - Lucas Lessio is hit by Jordan Oesterle and loses puck.
1:59 of 1st period - Snap shot by Andrew Agozzino.
1:59 of 1st period - Deflect By Kael Mouillierat.
1:59 of 1st period - Shot Misses the Net.
1:59 of 1st period - Puck is out of play.
2:00 of 1st period - Marko Dano wins face-off versus Bogdan Yakimov in Heat zone.
2:51 of 1st period - Johan Alm is hit by Johan Larsson and loses puck.
3:40 of 1st period - Wrist shot by Tyler Pitlick.
3:40 of 1st period - Shot Misses the Net.
3:42 of 1st period - Slapshot by Konrad Abeltshauser.
3:42 of 1st period - Shot Misses the Net.
3:44 of 1st period - Snap shot by Ryan Murphy.
3:44 of 1st period - Stopped by Philipp Grubauer with a rebound.
3:46 of 1st period - Slapshot by Tyson Strachan.
3:46 of 1st period - Stopped by Philipp Grubauer without a rebound.
3:47 of 1st period - Max Reinhart wins face-off versus Marc Hagel in Bruins zone.
4:04 of 1st period - Wrist shot by Marc Hagel.
4:04 of 1st period - Stopped by Michael Leighton with a rebound.
4:14 of 1st period - Slapshot by Ryan Murphy.
4:14 of 1st period - Stopped by Philipp Grubauer with a rebound.
4:16 of 1st period - Snap shot by Brenden Kichton.
4:16 of 1st period - Stopped by Philipp Grubauer with a rebound.
4:35 of 1st period - Wrist shot by Tyler Pitlick.
4:35 of 1st period - Stopped by Philipp Grubauer with a rebound.
4:37 of 1st period - Wrist shot by Lucas Lessio.
4:37 of 1st period - Deflect By Tyler Pitlick.
4:37 of 1st period - Shot Misses the Net.
4:37 of 1st period - Puck is out of play.
4:38 of 1st period - Marko Dano wins face-off versus Tyler Pitlick in Bruins zone.
5:34 of 1st period - Dennis Everberg is hit by Johan Larsson and loses puck.
5:51 of 1st period - Slapshot by Andre Burakovsky.
5:51 of 1st period - Stopped by Philipp Grubauer with a rebound.
6:07 of 1st period - Kevin Fiala is hit by Andrew Agozzino and loses puck.
6:19 of 1st period - Brenden Kichton is hit by Marc Hagel and loses puck.
6:41 of 1st period - Minor Penalty to Eric Boulton for Holding.
6:42 of 1st period - Borna Rendulic wins face-off versus Tyler Pitlick in Heat zone.
6:52 of 1st period - Snap shot by Borna Rendulic.
6:52 of 1st period - Deflect By Ryan Murphy.
6:52 of 1st period - Shot Misses the Net.
6:52 of 1st period - Puck is out of play.
6:53 of 1st period - Bogdan Yakimov wins face-off versus Borna Rendulic in Heat zone.
7:38 of 1st period - Wrist shot by Borna Rendulic.
7:38 of 1st period - Shot Blocked by Ryan Murphy.
7:40 of 1st period - Slapshot by Cole Schneider.
7:40 of 1st period - Shot Misses the Net.
8:41 of 1st period - Penalty to Eric Boulton is over, Eric Boulton is back on ice.
9:14 of 1st period - Kevin Czuczman is hit by Lucas Lessio and loses puck.
9:31 of 1st period - Marc Hagel is hit by Eric Boulton and loses puck.
9:54 of 1st period - Corey Potter is hit by Andrew Cherniwchan and loses puck.
11:04 of 1st period - Conor Allen is hit by Max Reinhart and loses puck.
11:59 of 1st period - Stephane Veilleux is hit by Andrew Cherniwchan and loses puck.
12:11 of 1st period - Marko Dano is hit by Tyler Wotherspoon and loses puck.
12:22 of 1st period - Tyson Strachan is hit by Kevin Czuczman and loses puck.
13:05 of 1st period - Wrist shot by Cole Schneider.
13:05 of 1st period - Stopped by Michael Leighton without a rebound.
13:06 of 1st period - Kevin Porter wins face-off versus Tyler Pitlick in Heat zone.
13:09 of 1st period - Slapshot by Cole Schneider.
13:09 of 1st period - Shot Misses the Net.
13:29 of 1st period - Wrist shot by Andre Burakovsky.
13:29 of 1st period - Shot Blocked by Jordan Oesterle.
13:31 of 1st period - Wrist shot by Andre Burakovsky.
13:31 of 1st period - Stopped by Philipp Grubauer with a rebound.
14:01 of 1st period - Snap shot by Seth Griffith.
14:01 of 1st period - Stopped by Philipp Grubauer with a rebound.
14:43 of 1st period - Wrist shot by Chris Tierney.
14:43 of 1st period - Shot Misses the Net.
15:50 of 1st period - Wrist shot by Chris Tierney.
15:50 of 1st period - Shot Misses the Net.
16:04 of 1st period - Dennis Everberg is hit by Corey Potter and loses puck.
16:28 of 1st period - Snap shot by Marc Hagel.
16:28 of 1st period - Shot Blocked by Lucas Lessio.
16:30 of 1st period - Slapshot by Johan Alm.
16:30 of 1st period - Stopped by Michael Leighton without a rebound.
16:31 of 1st period - Dennis Everberg wins face-off versus Tyler Pitlick in Heat zone.
16:55 of 1st period - Icing by Johan Alm.
16:56 of 1st period - Max Reinhart wins face-off versus Dennis Rasmussen in Bruins zone.
16:59 of 1st period - Wrist shot by Seth Griffith.
16:59 of 1st period - Shot Misses the Net.
17:07 of 1st period - Slapshot by Stephane Veilleux.
17:07 of 1st period - Stopped by Philipp Grubauer with a rebound.
17:09 of 1st period - Snap shot by Stephane Veilleux.
17:09 of 1st period - Stopped by Philipp Grubauer with a rebound.
17:11 of 1st period - Snap shot by Seth Griffith.
17:11 of 1st period - Stopped by Philipp Grubauer with a rebound.
17:13 of 1st period - Snap shot by Tyler Wotherspoon.
17:13 of 1st period - Stopped by Philipp Grubauer with a rebound.
17:44 of 1st period - Off-side.
17:45 of 1st period - Bogdan Yakimov wins face-off versus Kevin Porter in neutral zone.
17:48 of 1st period - Cole Schneider is hit by Tyson Strachan and loses puck.
18:33 of 1st period - Johan Larsson is hit by Andrew Agozzino and loses puck.
19:12 of 1st period - Stephane Veilleux is hit by Kevin Porter and loses puck.
19:27 of 1st period - Lucas Lessio is hit by Buddy Robinson and loses puck.
Goals for this period are 0 for Bruins vs 0 for Heat.
Shots for this period are 3 for Bruins vs 12 for Heat.

2nd period


0:01 of 2nd period - Tyler Pitlick wins face-off versus Marko Dano in neutral zone.
0:06 of 2nd period - Snap shot by Tyler Pitlick.
0:06 of 2nd period - Shot Blocked by Raman Hrabarenka.
0:08 of 2nd period - Wrist shot by Lucas Lessio.
0:08 of 2nd period - Shot Hit the Post.
0:10 of 2nd period - Backhand shot by Tyson Strachan.
0:10 of 2nd period - Shot Blocked by Raman Hrabarenka.
0:30 of 2nd period - Snap shot by Tyler Pitlick.
0:30 of 2nd period - Stopped by Philipp Grubauer without a rebound.
0:31 of 2nd period - Kevin Porter wins face-off versus Chris Tierney in Bruins zone.
0:53 of 2nd period - Snap shot by Andre Burakovsky.
0:53 of 2nd period - Shot Misses the Net.
1:19 of 2nd period - Snap shot by Kael Mouillierat.
1:19 of 2nd period - Shot Misses the Net.
1:36 of 2nd period - Beau Schmitz is hit by Konrad Abeltshauser and loses puck.
2:18 of 2nd period - Slapshot by Dennis Everberg.
2:18 of 2nd period - Stopped by Michael Leighton without a rebound.
2:19 of 2nd period - Bogdan Yakimov wins face-off versus Marko Dano in Heat zone.
2:24 of 2nd period - Slapshot by Eric Boulton.
2:24 of 2nd period - Shot Misses the Net.
2:32 of 2nd period - Bogdan Yakimov is hit by Johan Alm and loses puck.
3:51 of 2nd period - Lucas Lessio is hit by Marc Hagel and loses puck.
4:40 of 2nd period - Slapshot by Seth Griffith.
4:40 of 2nd period - Shot Misses the Net.
4:53 of 2nd period - Slapshot by Konrad Abeltshauser.
4:53 of 2nd period - Stopped by Philipp Grubauer without a rebound.
4:54 of 2nd period - Bogdan Yakimov wins face-off versus Marko Dano in Bruins zone.
5:00 of 2nd period - Buddy Robinson beats up Bogdan Yakimov.
5:00 of 2nd period - Penalty to Bogdan Yakimov for Fighting.
5:00 of 2nd period - Penalty to Buddy Robinson for Fighting.
5:01 of 2nd period - Chris Tierney wins face-off versus Marko Dano in Bruins zone.
5:11 of 2nd period - Off-side.
5:12 of 2nd period - Chris Tierney wins face-off versus Marko Dano in neutral zone.
5:32 of 2nd period - Off-side.
5:33 of 2nd period - Tyler Pitlick wins face-off versus Cole Schneider in neutral zone.
5:40 of 2nd period - Off-side.
5:41 of 2nd period - Kevin Porter wins face-off versus Tyler Pitlick in neutral zone.
5:48 of 2nd period - Snap shot by Cole Schneider.
5:48 of 2nd period - Stopped by Michael Leighton without a rebound.
5:49 of 2nd period - Tyler Pitlick wins face-off versus Kevin Porter in Heat zone.
6:00 of 2nd period - Jordan Oesterle is hit by Lucas Lessio and loses puck.
6:13 of 2nd period - Snap shot by Tyler Pitlick.
6:13 of 2nd period - Goal by Tyler Pitlick - Bruins : 0 - Heat : 1.
6:14 of 2nd period - Chris Tierney wins face-off versus Marko Dano in neutral zone.
7:04 of 2nd period - Snap shot by Ryan Murphy.
7:04 of 2nd period - Stopped by Philipp Grubauer with a rebound.
7:06 of 2nd period - Snap shot by Tyler Pitlick.
7:06 of 2nd period - Shot Misses the Net.
7:08 of 2nd period - Slapshot by Matt Ellis.
7:08 of 2nd period - Shot Misses the Net.
7:10 of 2nd period - Wrist shot by Matt Ellis.
7:10 of 2nd period - Shot Misses the Net.
7:12 of 2nd period - Snap shot by Matt Ellis.
7:12 of 2nd period - Stopped by Philipp Grubauer with a rebound.
7:14 of 2nd period - Snap shot by Tyler Pitlick.
7:14 of 2nd period - Shot Misses the Net.
7:34 of 2nd period - Konrad Abeltshauser is hit by Cole Schneider and loses puck.
8:01 of 2nd period - Snap shot by Seth Griffith.
8:01 of 2nd period - Shot Misses the Net.
8:03 of 2nd period - Snap shot by Stephane Veilleux.
8:03 of 2nd period - Deflect By Seth Griffith.
8:03 of 2nd period - Stopped by Philipp Grubauer with a rebound.
8:05 of 2nd period - Slapshot by Corey Potter.
8:05 of 2nd period - Shot Blocked by Magnus Nygren.
8:12 of 2nd period - Minor Penalty to Corey Potter for Tripping.
8:13 of 2nd period - Marko Dano wins face-off versus Max Reinhart in Heat zone.
8:29 of 2nd period - Wrist shot by Dennis Everberg.
8:29 of 2nd period - Deflect By Kevin Porter.
8:29 of 2nd period - Shot Misses the Net.
8:29 of 2nd period - Puck is out of play.
8:30 of 2nd period - Marko Dano wins face-off versus Max Reinhart in Heat zone.
8:31 of 2nd period - Wrist shot by Dennis Everberg.
8:31 of 2nd period - Shot Misses the Net.
9:16 of 2nd period - Konrad Abeltshauser is hit by Borna Rendulic and loses puck.
9:37 of 2nd period - Wrist shot by Borna Rendulic.
9:37 of 2nd period - Shot Misses the Net.
10:00 of 2nd period - Penalty to Bogdan Yakimov is over, Bogdan Yakimov is back on ice.
10:05 of 2nd period - Snap shot by Borna Rendulic.
10:05 of 2nd period - Stopped by Michael Leighton without a rebound.
10:06 of 2nd period - Bogdan Yakimov wins face-off versus Borna Rendulic in Heat zone.
10:12 of 2nd period - Penalty to Corey Potter is over, Corey Potter is back on ice.
11:32 of 2nd period - Slapshot by Marko Dano.
11:32 of 2nd period - Goal by Marko Dano - Bruins : 1 - Heat : 1.
11:33 of 2nd period - Bogdan Yakimov wins face-off versus Dennis Rasmussen in neutral zone.
12:03 of 2nd period - Wrist shot by Eric Boulton.
12:03 of 2nd period - Stopped by Philipp Grubauer with a rebound.
12:05 of 2nd period - Snap shot by Bogdan Yakimov.
12:05 of 2nd period - Deflect By Eric Boulton.
12:05 of 2nd period - Shot Blocked by Jordan Oesterle.
12:05 of 2nd period - Puck is out of play.
12:06 of 2nd period - Kevin Porter wins face-off versus Chris Tierney in Bruins zone.
13:02 of 2nd period - Andrew Agozzino is hit by Konrad Abeltshauser and loses puck.
13:45 of 2nd period - Ryan Murphy is hit by Dennis Everberg and loses puck.
14:28 of 2nd period - Wrist shot by Eric Boulton.
14:28 of 2nd period - Stopped by Philipp Grubauer with a rebound.
14:32 of 2nd period - Wrist shot by Kevin Fiala.
14:32 of 2nd period - Shot Misses the Net.
15:18 of 2nd period - Wrist shot by Johan Larsson.
15:18 of 2nd period - Stopped by Philipp Grubauer without a rebound.
15:19 of 2nd period - Kael Mouillierat wins face-off versus Max Reinhart in Bruins zone.
15:25 of 2nd period - Max Reinhart and Raman Hrabarenka fight to a draw.
15:25 of 2nd period - Penalty to Max Reinhart for Fighting.
15:25 of 2nd period - Penalty to Raman Hrabarenka for Fighting.
15:26 of 2nd period - Johan Larsson wins face-off versus Kael Mouillierat in Heat zone.
15:39 of 2nd period - Stephane Veilleux is hit by Conor Allen and loses puck.
16:01 of 2nd period - Snap shot by Seth Griffith.
16:01 of 2nd period - Stopped by Philipp Grubauer with a rebound.
16:03 of 2nd period - Slapshot by Tyson Strachan.
16:03 of 2nd period - Shot Blocked by Beau Schmitz.
16:39 of 2nd period - Snap shot by Marko Dano.
16:39 of 2nd period - Stopped by Michael Leighton without a rebound.
16:40 of 2nd period - Bogdan Yakimov wins face-off versus Kevin Porter in Heat zone.
16:42 of 2nd period - Minor Penalty to Eric Boulton for Slashing.
16:43 of 2nd period - Matt Ellis wins face-off versus Marko Dano in Heat zone.
17:01 of 2nd period - Snap shot by Lucas Lessio.
17:01 of 2nd period - Stopped by Philipp Grubauer with a rebound.
17:38 of 2nd period - Tyler Pitlick is hit by Borna Rendulic and loses puck.
18:21 of 2nd period - Wrist shot by Dennis Everberg.
18:21 of 2nd period - Deflect By Marko Dano.
18:21 of 2nd period - Stopped by Michael Leighton with a rebound.
18:42 of 2nd period - Penalty to Eric Boulton is over, Eric Boulton is back on ice.
19:15 of 2nd period - Wrist shot by Kael Mouillierat.
19:15 of 2nd period - Stopped by Michael Leighton without a rebound.
19:16 of 2nd period - Chris Tierney wins face-off versus Dennis Rasmussen in Heat zone.
19:37 of 2nd period - Andre Burakovsky is hit by Marko Dano and loses puck.
Goals for this period are 1 for Bruins vs 1 for Heat.
Shots for this period are 7 for Bruins vs 11 for Heat.

3rd period


0:01 of 3rd period - Marko Dano wins face-off versus Johan Larsson in neutral zone.
0:10 of 3rd period - Slapshot by Seth Griffith.
0:10 of 3rd period - Shot Misses the Net.
0:12 of 3rd period - Slapshot by Tyson Strachan.
0:12 of 3rd period - Deflect By Seth Griffith.
0:12 of 3rd period - Stopped by Philipp Grubauer with a rebound.
0:14 of 3rd period - Slapshot by Ryan Murphy.
0:14 of 3rd period - Stopped by Philipp Grubauer with a rebound.
0:30 of 3rd period - Off-side.
0:31 of 3rd period - Tyler Pitlick wins face-off versus Kevin Porter in neutral zone.
1:03 of 3rd period - Snap shot by Kevin Porter.
1:03 of 3rd period - Shot Misses the Net.
1:46 of 3rd period - Snap shot by Andrew Agozzino.
1:46 of 3rd period - Shot Misses the Net.
1:48 of 3rd period - Wrist shot by Andrew Agozzino.
1:48 of 3rd period - Stopped by Michael Leighton with a rebound.
1:50 of 3rd period - Snap shot by Kael Mouillierat.
1:50 of 3rd period - Shot Misses the Net.
1:52 of 3rd period - Slapshot by Kael Mouillierat.
1:52 of 3rd period - Shot Blocked by Kevin Fiala.
1:54 of 3rd period - Snap shot by Andrew Agozzino.
1:54 of 3rd period - Stopped by Michael Leighton with a rebound.
1:56 of 3rd period - Slapshot by Raman Hrabarenka.
1:56 of 3rd period - Stopped by Michael Leighton with a rebound.
2:21 of 3rd period - Marko Dano is hit by Tyson Strachan and loses puck.
2:54 of 3rd period - Wrist shot by Seth Griffith.
2:54 of 3rd period - Stopped by Philipp Grubauer with a rebound.
2:56 of 3rd period - Slapshot by Corey Potter.
2:56 of 3rd period - Stopped by Philipp Grubauer without a rebound.
2:57 of 3rd period - Max Reinhart wins face-off versus Dennis Rasmussen in Bruins zone.
2:58 of 3rd period - Wrist shot by Seth Griffith.
2:58 of 3rd period - Stopped by Philipp Grubauer with a rebound.
3:19 of 3rd period - Minor Penalty to Marko Dano for Tripping.
3:20 of 3rd period - Dennis Rasmussen wins face-off versus Chris Tierney in Bruins zone.
4:21 of 3rd period - Slapshot by Ryan Murphy.
4:21 of 3rd period - Shot Blocked by Johan Alm.
4:23 of 3rd period - Slapshot by Tyson Strachan.
4:23 of 3rd period - Deflect By Dennis Everberg.
4:23 of 3rd period - Stopped by Philipp Grubauer with a rebound.
4:25 of 3rd period - Slapshot by Tyson Strachan.
4:25 of 3rd period - Shot Blocked by Jordan Oesterle.
4:29 of 3rd period - Slapshot by Ryan Murphy.
4:29 of 3rd period - Deflect By Johan Alm.
4:29 of 3rd period - Stopped by Philipp Grubauer without a rebound.
4:30 of 3rd period - Max Reinhart wins face-off versus Dennis Rasmussen in Bruins zone.
4:33 of 3rd period - Snap shot by Ryan Murphy.
4:33 of 3rd period - Deflect By Seth Griffith.
4:33 of 3rd period - Goal by Seth Griffith - Bruins : 1 - Heat : 2.
4:34 of 3rd period - Tyler Pitlick wins face-off versus Kevin Porter in neutral zone.
5:50 of 3rd period - Snap shot by Andre Burakovsky.
5:50 of 3rd period - Stopped by Philipp Grubauer with a rebound.
6:07 of 3rd period - Icing by Seth Griffith.
6:08 of 3rd period - Max Reinhart wins face-off versus Dennis Rasmussen in Heat zone.
6:13 of 3rd period - Slapshot by Stephane Veilleux.
6:13 of 3rd period - Shot Misses the Net.
6:17 of 3rd period - Snap shot by Max Reinhart.
6:17 of 3rd period - Stopped by Philipp Grubauer with a rebound.
6:19 of 3rd period - Snap shot by Brenden Kichton.
6:19 of 3rd period - Stopped by Philipp Grubauer without a rebound.
6:20 of 3rd period - Bogdan Yakimov wins face-off versus Kevin Porter in Bruins zone.
6:20 of 3rd period - Ryan Murphy is hit by Conor Allen and loses puck.
7:03 of 3rd period - Minor Penalty to Conor Allen for Goalie Interference.
7:04 of 3rd period - Marko Dano wins face-off versus Max Reinhart in Bruins zone.
7:25 of 3rd period - Dennis Everberg is hit by Seth Griffith and loses puck.
7:54 of 3rd period - Wrist shot by Marko Dano.
7:54 of 3rd period - Shot Blocked by Brenden Kichton.
8:45 of 3rd period - Wrist shot by Dennis Rasmussen.
8:45 of 3rd period - Shot Misses the Net.
8:54 of 3rd period - Icing by Johan Larsson.
8:55 of 3rd period - Marko Dano wins face-off versus Andre Burakovsky in Heat zone.
9:03 of 3rd period - Penalty to Conor Allen is over, Conor Allen is back on ice.
9:47 of 3rd period - Icing by Magnus Nygren.
9:48 of 3rd period - Kael Mouillierat wins face-off versus Max Reinhart in Bruins zone.
9:53 of 3rd period - Ryan Murphy is hit by Andrew Agozzino and loses puck.
10:49 of 3rd period - Andrew Cherniwchan is hit by Kevin Fiala and loses puck.
11:21 of 3rd period - Wrist shot by Kael Mouillierat.
11:21 of 3rd period - Shot Misses the Net.
11:23 of 3rd period - Snap shot by Jordan Oesterle.
11:23 of 3rd period - Stopped by Michael Leighton with a rebound.
11:25 of 3rd period - Snap shot by Magnus Nygren.
11:25 of 3rd period - Stopped by Michael Leighton with a rebound.
12:03 of 3rd period - Cole Schneider is hit by Lucas Lessio and loses puck.
12:37 of 3rd period - Wrist shot by Seth Griffith.
12:37 of 3rd period - Shot Misses the Net.
12:54 of 3rd period - Johan Larsson is hit by Dennis Rasmussen and loses puck.
13:06 of 3rd period - Icing by Brenden Kichton.
13:07 of 3rd period - Chris Tierney wins face-off versus Dennis Rasmussen in Heat zone.
13:24 of 3rd period - Cole Schneider is hit by Brenden Kichton and loses puck.
13:53 of 3rd period - Kevin Porter is hit by Konrad Abeltshauser and loses puck.
14:31 of 3rd period - Marc Hagel is hit by Seth Griffith and loses puck.
14:51 of 3rd period - Konrad Abeltshauser is hit by Marko Dano and loses puck.
14:56 of 3rd period - Snap shot by Marko Dano.
14:56 of 3rd period - Shot Blocked by Tyler Wotherspoon.
15:14 of 3rd period - Eric Boulton is hit by Conor Allen and loses puck.
15:23 of 3rd period - Wrist shot by Dennis Everberg.
15:23 of 3rd period - Shot Blocked by Konrad Abeltshauser.
15:25 of 3rd period - Wrist shot by Andrew Cherniwchan.
15:25 of 3rd period - Shot Misses the Net.
15:27 of 3rd period - Wrist shot by Beau Schmitz.
15:27 of 3rd period - Shot Misses the Net.
16:12 of 3rd period - Slapshot by Andre Burakovsky.
16:12 of 3rd period - Shot Blocked by Conor Allen.
16:14 of 3rd period - Slapshot by Corey Potter.
16:14 of 3rd period - Shot Blocked by Conor Allen.
16:16 of 3rd period - Snap shot by Chris Tierney.
16:16 of 3rd period - Stopped by Philipp Grubauer with a rebound.
17:56 of 3rd period - Buddy Robinson is hit by Stephane Veilleux and loses puck.
18:19 of 3rd period - Stephane Veilleux is hit by Dennis Rasmussen and loses puck.
18:34 of 3rd period - Tyson Strachan is hit by Borna Rendulic and loses puck.
18:43 of 3rd period - Wrist shot by Borna Rendulic.
18:43 of 3rd period - Deflect By Cole Schneider.
18:43 of 3rd period - Stopped by Michael Leighton with a rebound.
18:45 of 3rd period - Snap shot by Cole Schneider.
18:45 of 3rd period - Shot Misses the Net.
18:53 of 3rd period - Kevin Porter is hit by Johan Larsson and loses puck.
19:12 of 3rd period - Raman Hrabarenka is hit by Tyler Pitlick and loses puck.
19:36 of 3rd period - Kevin Porter is hit by Tyler Pitlick and loses puck.
19:51 of 3rd period - Bruins, Philipp Grubauer is pulled from the net.
19:54 of 3rd period - Icing by Konrad Abeltshauser.
19:55 of 3rd period - Marko Dano wins face-off versus Matt Ellis in Heat zone.
Goals for this period are 0 for Bruins vs 1 for Heat.
Shots for this period are 6 for Bruins vs 12 for Heat.